 Dungeon Crawl Stone Soup version 0.28.0-45-g0d030f2227 (webtiles) character file.

Game seed: 11504413884870728072

53 protoss039 the Digger (level 3, -2/20 HPs)
             Began as a Gargoyle Earth Elementalist on Apr 22, 2022.
             Killed by divine providence
             ... invoked by an orc priest
              (13 damage)
             ... on level 2 of the Dungeon.
             The game lasted 00:01:57 (1778 turns).

protoss039 the Digger (Gargoyle Earth Elementalist) Turns: 1778, Time: 00:01:58

Health: -2/20      AC: 11    Str: 11    XL:     3   Next: 87%
Magic:  2/6        EV: 10    Int: 17    God:
Gold:   29         SH:  0    Dex: 10    Spells: 1/7 levels left

rFire   . . .      SeeInvis .   e - +0 dagger
rCold   . . .      Faith    .   (no shield)
rNeg    + . .      Spirit   .   l - +0 ring mail
rPois   ∞          Reflect  .   (no helmet)
rElec   +          Harm     .   (no cloak)
rCorr   .          Rampage  .   (no gloves)
Will    .....                   i - +2 pair of boots
Stlth   +.........              (no amulet)
HPRegen 0.06/turn               (no ring)
MPRegen 0.10/turn               (no ring)

@: no status effects
A: sickness immunity, AC +3, negative energy resistance 1, electricity
resistance, torment resistance 1, petrification resistance
a: no special abilities


You were on level 2 of the Dungeon.
You visited 1 branch of the dungeon, and saw 2 of its levels.

You collected 29 gold pieces.

Inventory:

Hand Weapons
 e - a +0 dagger (weapon)
Missiles
 c - 65 stones
Armour
 b - a +0 robe
 i - a +2 pair of boots (worn)
 l - a +0 ring mail (worn)
Jewellery
 h - a +6 ring of dexterity
Scrolls
 a - a scroll of holy word {unknown}
 d - a scroll of teleportation {unknown}
 f - a scroll of fog {unknown}
 k - a scroll of identify {unknown}
Potions
 g - a potion of brilliance {unknown}
 j - a potion of haste {unknown}
 m - a potion of heal wounds {unknown}


   Skills:
 + Level 0.6 Fighting
 + Level 0.3 Armour
 - Level 1.5 Dodging
 - Level 2.1 Stealth
 + Level 2.5 Spellcasting
 + Level 0.5 Conjurations
 + Level 1.6 Transmutations
 + Level 4.2 Earth Magic


You had one spell level left.
You knew the following spells:

 Your Spells              Type           Power      Damage    Failure   Level
a - Sandblast             Erth           32%        2d9       8%          1
b - Passwall              Tmut/Erth      10%        N/A       21%         2
c - Stone Arrow           Conj/Erth      20%        3d8       45%         3

Your spell library contained the following spells:

 Spells                   Type           Power      Damage    Failure   Level
 Petrify                  Tmut/Erth      12%        N/A       80%         4


Dungeon Overview and Level Annotations

Branches:
Dungeon (2/15)

Altars:


Innate Abilities, Weirdness & Mutations

You are immune to sickness and miasma.
Your stone body is resilient. (AC +3)
You are immune to poison.
You resist negative energy. (rN+)
You are resistant to electric shocks. (rElec)
You are resistant to unholy torment.
You are immune to petrification.


Message History

Aiming: Sandblast (safe; 8% risk of failure)
Press: ? - help, Shift-Dir - straight line, f/p - orc
Aim: an orc, wielding a +0 hand axe (79% to hit)
The blast of sand hits the orc!
You kill the orc!
The orc priest hits you with a +0 hand axe.
Casting: Sandblast (safe; 8% risk of failure)
Confirm with . or Enter, or press ? or * to list all spells.
Aiming: Sandblast (safe; 8% risk of failure)
Press: ? - help, Shift-Dir - straight line, f - orc priest
Aim: an orc priest, wielding a +0 hand axe and wearing a +0 ring mail (lightly wounded, 82% to hit)
The blast of sand hits the orc priest but does no damage.
The orc priest is lightly wounded.
The orc priest closely misses you.
Casting: Sandblast (safe; 8% risk of failure)
Confirm with . or Enter, or press ? or * to list all spells.
Aiming: Sandblast (safe; 8% risk of failure)
Press: ? - help, Shift-Dir - straight line, f/p - orc priest
Aim: an orc priest, wielding a +0 hand axe and wearing a +0 ring mail (lightly wounded, 82% to hit)
The blast of sand hits the orc priest but does no damage.
The orc priest is lightly wounded.
The orc hits you but does no damage.
The orc priest hits you with a +0 hand axe.
Casting: Sandblast (safe; 8% risk of failure)
Confirm with . or Enter, or press ? or * to list all spells.
Aiming: Sandblast (safe; 8% risk of failure)
Press: ? - help, Shift-Dir - straight line, f/p - orc priest
Aim: an orc priest, wielding a +0 hand axe and wearing a +0 ring mail (lightly wounded, 82% to hit)
The blast of sand hits the orc priest but does no damage.
The orc priest is lightly wounded.
The orc hits you but does no damage. The orc barely misses you.
The orc priest barely misses you.
An adder comes into view.
The orc hits you with a +0 hand axe of electrocution.
There is a stone staircase leading up here.
Unknown command.
The orc priest invokes the aid of Beogh against you.
Beogh smites you!
Ouch! That really hurt!
You die...

......)..................).......
............#....#.......###....#
.$...................>.....#.##.#
.......(..##.....####....#.#.##..
.......####......#..#....#+#.####
...#...####......#..#........# #
...#........o....#..#........####
.. ####....#..o.##..#........#...
........#..o.@...#.##.#+#.#...
.........###......#......#.#...
..........###......#......#.#...
...................#........#...
....##........#...........#.#...
.... #........##..........#.....
.........+............#.##
........##............#.#
........##.....######.#.##


You could see an orc priest and 2 orcs.

Vanquished Creatures
  An adder (D:2)
  An adder skeleton (D:2)
  A worm (D:2)
  A dart slug (D:1)
  An orc (D:2)
  2 ball pythons (D:1)
  3 endoplasms
  A giant cockroach (D:1)
  6 goblins
  A hobgoblin (D:1)
  4 quokkas (D:1)
  A bat (D:2)
  3 frilled lizards
  5 kobolds
  2 rats (D:1)
33 creatures vanquished.

Vanquished Creatures (others)
  A fungus (D:1)
  A plant (D:1)
2 creatures vanquished.

Grand Total: 35 creatures vanquished

Notes
Turn   | Place    | Note
-------+----------+-------------------------------------------
     0 | D:1      | protoss039 the Gargoyle Earth Elementalist began the quest
                  | for the Orb.
     0 | D:1      | Reached XP level 1. HP: 10/10 MP: 3/3
   100 | D:1      | Reached skill level 1 in Transmutations
   123 | D:1      | Reached XP level 2. HP: 13/15 MP: 1/5
   276 | D:1      | Reached skill level 4 in Earth Magic
   690 | D:1      | Reached XP level 3. HP: 9/19 MP: 3/6
   693 | D:1      | Learned a level 2 spell: Passwall
   697 | D:1      | Learned a level 3 spell: Stone Arrow
  1067 | D:1      | Found a faded altar of an unknown god.
  1778 | D:2      | Killed from afar by an orc priest

Illustrated notes

Levels and vault maps discovered:
D:1:      sevenhm_arrival_forest_fort_small_4, layout_basic,
          shapermc_ecumenical_altar_petra
D:2:      layout_basic

Skill      XL: |  1  2 |
---------------+-------+-----
Transmutations | 1 |  1.6
Earth Magic    | 4 |  4.2
Fighting       | |  0.6
Armour         | |  0.3
Dodging        | |  1.5
Stealth        | |  2.1
Spellcasting   | |  2.5
Conjurations   | |  0.5

Action                   || total
-------------------------++-------
Melee: Dagger            ||   163
       Punch             ||     1
 Cast: Sandblast         ||    23
 Stab: Sleeping          ||     2
Armor: Robe              ||    40
       Ring mail         ||    52
Dodge: Dodged            ||    94
